AoeStats
← castilloriosluis

Arena

508230401Analyzed
1v1 RM · 12d ago on Sep 21, 2026· 61m 43s· 2 players
Game mode
Random Map
Map size
Tiny (2 player)
Population
200
Speed
Normal
Resources
Standard
Victory
Conquest
Starting age
Dark Age
Ending age
Imperial Age
RankedLock teamsTeams togetherTeam positionsShared explorationLock speedFull tech treeHidden civsTurbo modeCheats
Victory
Defeat
🇮🇪 Byzantines · Ireland
565
+18
🇨🇱 Britons · Chile
612
-18
pad
9:32 Feudal Age
10:04 Double-Bit Axe
20:19 Castle Age
18:50 Stone Mining
19:10 Horse Collar
19:54 Gold Mining
21:10 Bow Saw
25:28 Wheelbarrow
30:12 Imperial Age
28:46 Heavy Plow
29:16 Fortified Wall
33:37 Ballistics
34:42 Elite Skirmisher
35:22 Fletching
35:59 Murder Holes
37:26 Gold Shaft Mining
37:30 Stone Shaft Mining
37:15 Bodkin Arrow
37:21 Padded Archer Armor
37:43 Treadmill Crane
39:12 Bracer
39:43 Thumb Ring
40:40 Leather Archer Armor
40:32 Loom
41:39 Hand Cart
42:38 Crop Rotation
44:09 Two-Man Saw
44:30 Ring Archer Armor
44:39 Hoardings
44:30 Conscription
45:35 Chemistry
45:47 Scale Barding Armor
45:52 Forging
46:54 Chain Barding Armor
46:30 Heavy Camel Rider
47:10 Husbandry
49:27 Scale Mail Armor
58:13 Plate Barding Armor
58:13 Iron Casting
57:54 Chain Mail Armor
castilloriosluis
3:48 Loom
9:09 Feudal Age
10:00 Double-Bit Axe
11:06 Horse Collar
21:42 Castle Age
19:48 Fletching
20:18 Gold Mining
20:41 Padded Archer Armor
23:08 Heavy Plow
23:20 Crossbowman
28:55 Bodkin Arrow
29:15 Leather Archer Armor
29:19 Bow Saw
29:33 Ballistics
30:25 Pikeman
37:47 Imperial Age
35:38 Gambesons
35:53 Squires
36:05 Forging
35:56 Scale Mail Armor
35:48 Town Watch
36:39 Elite Skirmisher
37:33 Town Patrol
38:41 Wheelbarrow
42:12 Yeomen
44:36 Hand Cart
43:51 Arbalester
44:32 Elite Longbowman
44:49 Light Cavalry
45:30 Husbandry
46:57 Chemistry
48:02 Ring Archer Armor
47:32 Bracer
47:37 Halberdier
48:56 Iron Casting
48:38 Chain Mail Armor
48:47 Arson
49:43 Warwolf
56:20 Blast Furnace
Connection lost

Rejoining the realm…

Still unreachable

The connection could not be restored.

Session expired

The server has moved on; the page needs a fresh start.